 Dungeon Crawl Stone Soup version 0.25.1-2-g60ff931df9 (webtiles) character file.

Game seed: 5336174052099101259

32 moonlapse the Skirmisher (level 3, -1/33 HPs)
             Began as a Draconian Assassin on Oct 4, 2020.
             Slain by a worm (5 damage)
             ... on level 2 of the Dungeon.
             The game lasted 00:02:58 (1708 turns).

moonlapse the Skirmisher (Draconian Assassin)       Turns: 1708, Time: 00:02:59

Health: -1/33      AC:  6    Str: 13    XL:     3   Next: 10%
Magic:  1/1        EV: 11    Int: 12    God:
Gold:   7          SH:  0    Dex: 12    Spells: 2/2 levels left

rFire    . . .     SeeInvis .   g - +2 dagger (antimagic)
rCold    . . .     Gourm    .   (no shield)
rNeg     . . .     Faith    .   (armour unavailable)
rPois    .         Spirit   .   (helmet restricted)
rElec    .         Reflect  .   b - +0 cloak
rCorr    .         Harm     .   (no gloves)
MR       .....                  (no boots)
Stlth    ++........             (no amulet)
HPRegen  0.11/turn              (no ring)
MPRegen  0.07/turn              (no ring)

@: no status effects
A: unfitting armour, cold-blooded, AC +5
a: no special abilities


You were on level 2 of the Dungeon.
You were not hungry.

You visited 1 branch of the dungeon, and saw 2 of its levels.

You collected 7 gold pieces.

Inventory:

Hand Weapons
 a - a +2 dagger
 g - a +2 antimagic dagger (weapon)
   (You took it off a kobold on level 1 of the Dungeon)
Missiles
 c - 18 poisoned darts
 d - 2 curare-tipped darts
Armour
 b - a +0 cloak (worn)
Wands
 k - a wand of random effects (12)
   (You found it on level 2 of the Dungeon)
Scrolls
 i - 2 scrolls of identify
Potions
 h - a potion of flight
Comestibles
 f - 5 rations


   Skills:
 + Level 3.8 Fighting
 - Level 2.0 Short Blades
 - Level 1.8 Throwing
 - Level 1.0 Dodging
 - Level 3.6 Stealth


You had 2 spell levels left.
You didn't know any spells.
Your spell library was empty.

Dungeon Overview and Level Annotations

Branches:
Dungeon (2/15)

Altars:


Innate Abilities, Weirdness & Mutations

Your plain brown scales are hard. (AC +5)
You cannot fit into any form of body armour.
You are cold-blooded and may be slowed by cold attacks.


Message History

A worm comes into view.
You are feeling very hungry.
The rat bites you but does no damage.
The rat twitches its whiskers.
You hit the rat.
You kill the rat!
You see here a rat corpse.
You butcher the rat corpse.
Things that are here:
a chunk of flesh {@w0@w0}; a rat skeleton You hit the worm.
You hit the worm.
Your tail-slap misses the worm.
The worm bites you!
* * * LOW HITPOINT WARNING * * *
You take 9 damage, and have 3/26 hp.
MASSIVE DAMAGE!!
There is a stone staircase leading up here.
You climb upwards.
There is a stone staircase leading down here.
You start resting.
You are near starving!
You regained 12 hp, and now have 16/26 hp.
You start resting.
Health restored: 26 You climb downwards.
The worm barely misses you.
There is a stone staircase leading up here.
You hit the worm. You tail-slap the worm. You hit the worm.
The worm closely misses you.
You hit the worm. You hit the worm. The worm bites you.
You take 4 damage, and have 22/26 hp.
You hit the worm. You tail-slap the worm.
The worm bites you but does no damage.
You climb upwards.
There is a stone staircase leading down here.
You hit the worm.
You kill the worm!
You have reached level 3!
Your experience leads to an increase in your attributes!
Increase (s)trength, (i)ntelligence, or (d)exterity?
You feel clever.
Your scales feel tougher.
You regained 7 hp, and now have 29/33 hp.
MP restored: 1 You hit the worm.
The worm bites you.
You take 5 damage, and have 24/33 hp.
You hit the worm but do no damage. The worm barely misses you.
You hit the worm. You tail-slap the worm. You hit the worm. The worm bites you.
You take 5 damage, and have 19/33 hp.
You are too injured to fight recklessly!
You are too injured to fight recklessly!
You are too injured to fight recklessly!
You hit the worm. You barely miss the worm. The worm barely misses you.
You hit the worm. You hit the worm.
You kill the worm!
There is a stone staircase leading down, spattered with blood here.
You start resting.
You are starving!
You regained 3 hp, and now have 23/33 hp.
You eat one of the 6 rations.
That ration really hit the spot!
You start resting.
Health restored: 33 You climb downwards.
The worm barely misses you.
There is a stone staircase leading up here.
You hit the worm. The worm closely misses you.
You hit the worm. You hit the worm.
You tail-slap the worm, but do no damage.
The worm bites you!
You take 9 damage, and have 24/33 hp.
MASSIVE DAMAGE!!
You barely miss the worm. You hit the worm. The worm bites you!
You take 10 damage, and have 14/33 hp.
MASSIVE DAMAGE!!
You are too injured to fight recklessly!
A worm comes into view.
You hit the worm.
As you read the scroll labeled DOEHOZULAU, it crumbles to dust.
It is a scroll of enchant weapon.
Your +1 antimagic dagger glows red for a moment.
The worm bites you!
* * * LOW HITPOINT WARNING * * *
You take 9 damage, and have 6/33 hp.
MASSIVE DAMAGE!!
As you read the scroll labeled TECVAJ ACAIGO, it crumbles to dust.
It is a scroll of identify.
h - a potion of flight The worm misses you.
The worm bites you but does no damage.
It was a potion of curing.
You feel better.
You regained 9 hp, and now have 15/33 hp.
You hit the worm. The worm barely misses you. The worm bites you!
* * * LOW HITPOINT WARNING * * *
You take 11 damage, and have 4/33 hp.
MASSIVE DAMAGE!!
You barely miss the worm.
You tail-slap the worm, but do no damage.
You hit the worm. The worm bites you.
You die...

###...........
#.............
##.#.##......#
##...#.#.....##
.##.#####.###.#.#.#..#
.........##
##%#..w..### ##..##<##
##.#..w.... #w#
#......... #@#
#.###..#?. ##w#
#....%...w. #.#
#.####...#.. .....
...$##. ... ##...# #
#.## #...# .. ..


You could see 2 worms.

Vanquished Creatures
  2 worms (D:1)
  2 dart slugs (D:1)
  A giant cockroach (D:1)
  4 goblins
  3 hobgoblins (D:1)
  3 bats (D:1)
  4 kobolds (D:1)
  2 rats
21 creatures vanquished.

Vanquished Creatures (others)
  A goblin (D:1)
  A hobgoblin (D:1)
2 creatures vanquished.

Grand Total: 23 creatures vanquished

Notes
Turn   | Place    | Note
-------+----------+-------------------------------------------
     0 | D:1      | moonlapse the Draconian Assassin began the quest for the
                  | Orb.
     0 | D:1      | Reached XP level 1. HP: 17/17 MP: 1/1
    67 | D:1      | Reached skill level 1 in Dodging
   308 | D:1      | Reached XP level 2. HP: 25/25 MP: 2/2
   316 | D:1      | Reached skill level 3 in Fighting
  1274 | D:2      | HP: 3/26 [worm (9)]
  1564 | D:1      | Reached XP level 3. HP: 28/33 MP: 1/3
  1703 | D:2      | HP: 6/33 [worm (9)]
  1708 | D:2      | Slain by a worm

Illustrated notes

Levels and vault maps discovered:
D:1:      lordsloth_arrival_two_stooges, layout_loops_ring,
          minmay_crystal_water, lemuel_flame_loot_1
D:2:      layout_loops_ring, xom_teletrap_fun

Skill      XL: |  1  2 |
---------------+-------+-----
Dodging        | 1 |  1.0
Fighting       | 3 |  3.8
Short Blades   | |  2.0
Throwing       | |  1.8
Stealth        | |  3.6

Action                   || total
-------------------------++-------
Melee: Dagger            ||    78
       Tailslap          ||     9
  Use: Scroll            ||     2
       Potion            ||     1
 Stab: Sleeping          ||     7
  Eat: Ration            ||     1
Armor: Skin              ||    14
Dodge: Dodged            ||    24

Levels and vault maps discovered:
D:1:      lordsloth_arrival_two_stooges, layout_loops_ring,
          minmay_crystal_water, lemuel_flame_loot_1
D:2:      layout_loops_ring, xom_teletrap_fun

Table legend:
 A = Turns spent in this place as a percentage of turns spent in the entire game.
 B = Non-inter-level travel turns spent in this place as a percentage of non-inter-level travel turns spent in the entire game.
 C = Inter-level travel turns spent in this place as a percentage of turns spent in this place.
 D = Turns resting spent in this place as a percentage of non-inter-level travel turns spent in this place.
 E = Turns spent auto-exploring this place as a percentage of non-inter-level travel turns spent in this place.
 F = Non-inter-level travel turns spent in this place divided by the number of levels of this place that you've seen.
                   A       B       C       D       E      F
               +-------+-------+-------+-------+-------+----------------------
         Total | 100.0 | 100.0 |   3.1 |  42.8 |  43.5 | 827.5
       Dungeon | 100.0 | 100.0 |   3.1 |  42.8 |  43.5 | 827.5
               +-------+-------+-------+-------+-------+----------------------

Table legend:
 A = Kills in this place as a percentage of kills in entire the game.
 B = Kills by you in this place as a percentage of kills by you in the entire game.
 C = Kills by friends in this place as a percentage of kills by friends in the entire game.
 D = Other kills in this place as a percentage of other kills in the entire game.
 E = Experience gained in this place as a percentage of experience gained in the entire game.
 F = Experience gained in this place divided by the number of levels of this place that you have seen.
                   A       B       C       D       E      F
               +-------+-------+-------+-------+-------+----------------------
         Total | 100.0 | 100.0 |   N/A |   N/A | 100.0 |  23.5
       Dungeon | 100.0 | 100.0 |   N/A |   N/A | 100.0 |  23.5
               +-------+-------+-------+-------+-------+----------------------
